Cogmind - Beta 15 @@@ ROGUE MODE // 2025.06.28 @ 21:23:27 Player: Florist Result: Destroyed by DX-Q8A(R) with Subdweller Laser Performance ------------- Evolutions (0) 0 Regions Visited (2) 400 Robots Destroyed (38) 190 Value Destroyed (868) 868 Prototype IDs (11) 220 Alien Tech Used (0) 0 Bonus (0) 0 TOTAL SCORE: 1678 Bonus ------- None Cogmind --------- Core Integrity 0/250 Matter 300/300 Energy 243/280 System Corruption 0% Temperature Cool (6) Movement Treading (246) Ox1 Location -10/Subcaves Parts ------- > --- POWER (1+1) ------ Subdweller Power Source (+) Meta Core > --- PROPULSION (2+1) - Light Treads Light Treads Spiked Treads (+) > --- UTILITY (2+1) ---- Large Storage Unit (+) Scrap Shield > --- WEAPON (2+1) ----- Powered Cannon Subdweller Machine Gun (+) > --- INVENTORY (15) --- Subdweller Power Source Subdweller Monowheel VTOL Module VTOL Module VTOL Module VTOL Module Small Storage Unit Weapon Shielding Hacking Suite Beam Rifle Beam Cannon Subdweller Machine Gun Battle Cannon Grenade Launcher Hammer Peak State ------------ > --- POWER ------------ Subdweller Power Source Meta Core > --- PROPULSION ------- Light Treads Light Treads Spiked Treads > --- UTILITY ---------- Large Storage Unit Scrap Shield > --- WEAPON ----------- Powered Cannon Subdweller Machine Gun > --- INVENTORY -------- Subdweller Power Source Subdweller Monowheel VTOL Module VTOL Module VTOL Module VTOL Module Small Storage Unit Weapon Shielding Hacking Suite Beam Rifle Beam Cannon Subdweller Machine Gun Battle Cannon Grenade Launcher Hammer [Rating: 42] Favorites ----------- Power Subdweller Power Source Engine Subdweller Power Source Power Core Meta Core Propulsion Light Treads Treads Light Treads Utility Large Storage Unit Device Heat Sink Storage Large Storage Unit Protection Scrap Shield Weapon Beam Rifle Energy Gun Beam Rifle Energy Cannon Powered Cannon Ballistic Gun Subdweller Machine Gun Ballistic Cannon Battle Cannon Launcher Grenade Launcher Impact Weapon Hammer Build | -11 -10 -10 ------- Run | Yrd Mat Sub Slots Evolved . | . . . Power . | . . . Propulsion . | . . . Utility . | . . . Weapon . | . . . Parts Attached 32 | 7 10 15 Power 8 | 1 2 5 Engine 6 | 1 1 4 Core 2 | . 1 1 Reactor . | . . . Propulsion 5 | 2 . 3 Treads 5 | 2 . 3 Leg . | . . . Wheel . | . . . Hover . | . . . Flight . | . . . Utility 7 | 2 4 1 Device 3 | 1 2 . Storage 2 | 1 1 . Processor . | . . . Hackware . | . . . Protection 2 | . 1 1 Artifact . | . . . Weapon 12 | 2 4 6 Energy Gun 5 | 1 4 . Energy Cannon 2 | . . 2 Ballistic Gun 2 | 1 . 1 Ballistic Cannon 1 | . . 1 Launcher 1 | . . 1 Special Weapon . | . . . Impact Weapon 1 | . . 1 Slashing Weapon . | . . . Piercing Weapon . | . . . Special Melee Weapon . | . . . Unidentified Prototypes . | . . . Parts Lost 4 | . . 4 Power 1 | . . 1 Propulsion 2 | . . 2 Utility 1 | . . 1 Weapon . | . . . Highest Loss Streak 3 | . . 3 To Critical Strikes . | . . . Average Backups 13 | 2 14 13 Power . | . . . Propulsion 4 | 1 5 4 Utility 2 | . 3 2 Weapon 4 | . 3 5 Tool/Special . | . . . Unused Backups 12 | . 2 10 Power . | . . . Propulsion 7 | . 2 5 Utility 3 | . . 3 Weapon 2 | . . 2 Tool/Special . | . . . Average Slot Usage (%) 86 | . 99 81 Engine 8 | . 4 10 Core 6 | . 9 5 Treads 24 | . 28 24 Device 5 | . 12 3 Storage 10 | . 14 9 Protection 5 | . 1 7 Energy Gun 10 | . 26 5 Energy Cannon 5 | . . 7 Ballistic Gun 4 | . . 5 Ballistic Cannon 1 | . . 2 Peak Build Rating 42 | 7 14 42 Average Rating 26 | 5 12 31 On Entrance 6 | . 7 11 Naked Turns . | . . . Heaviest Build 62 | 12 36 62 Greatest Support 60 | 40 40 60 Greatest Overweight (x) 1 | . . 1 Average Overweight (x) . | . . . Largest Inventory Capacity 15 | 8 15 15 Average Capacity 14 | 7 14 13 Most Carried 15 | 4 15 15 Average Carried 13 | 2 14 13 Final Capacity 15 | 8 15 15 Final Carried 15 | 4 14 15 Class Distribution -------------------- 52% | Mutant 47% | Subdweller-Tank Dominant Class ---------------- Mutant | -10/Materials Subdweller-Tank | -10/Subcaves Resources | -11 -10 -10 ----------- Run | Yrd Mat Sub Matter Collected 665 | 282 73 310 Remotely . | . . . Salvage Created 1191 | 58 805 328 Parts 86 | 10 52 24 Haulers Intercepted 2 | . 2 . Recyclers Shooed . | . . . Parts Field Recycled . | . . . Retrieved Matter . | . . . Parts Self-Destructed 11 | . . 11 Prevented . | . . . Kills | -11 -10 -10 ------- Run | Yrd Mat Sub Combat Hostiles Destroyed 19 | . 9 10 Guns 10 | . 8 2 Cannons 3 | . . 3 AOE 4 | . . 4 Classes Destroyed 11 | 1 9 1 Worker 4 | . 4 . Builder 2 | . 2 . Tunneler 3 | 3 . . Hauler 2 | . 2 . Recycler 1 | . 1 . Mechanic 1 | . 1 . Operator 3 | . 3 . Watcher 3 | . 3 . Swarmer 2 | . 2 . Grunt 7 | . 7 . Subdweller 10 | . . 10 Best Kill Streak 4 | 3 4 4 Combat Bots Only 4 | . 2 4 Max Kills in Single Turn 2 | 1 2 2 Gunslinging . | . . . Exploded 2 | . . 2 Melee . | . . . Uniques/NPCs Destroyed . | . . . Combat | -11 -10 -10 -------- Run | Yrd Mat Sub Hostile Shots Fired 101 | . 47 54 Missed 24 | . 13 11 Hits 77 | . 34 43 Projectile 77 | . 34 43 Critical Strikes 2 | . 1 1 Damage Taken 1391 | . 426 965 Core 253 | . 117 136 Absorbed by Shields . | . . . Core Remaining (%) 100 | 100 . . Volleys Fired 135 | 4 75 56 Largest 2 | 2 2 2 Hottest 116 | 60 112 116 Shots Fired 241 | 8 150 83 Gun 185 | 8 150 27 Cannon 50 | . . 50 Launcher 6 | . . 6 Special . | . . . Kinetic 17 | 4 1 12 Thermal 218 | 4 149 65 Explosive 6 | . . 6 Electromagnetic . | . . . Robot Hit Streak 21 | 1 12 21 Robot Miss Streak 5 | 1 5 3 Penetration Max . | . . . Secondary Targets . | . . . Shots Hit Robots 144 | 4 91 49 Core Hits 49 | 3 32 14 Critical Kills 1 | . . 1 Critical Parts Destroyed . | . . . Critical Strikes 15 | . 14 1 Burn 14 | . 14 . Meltdown 1 | . . 1 Melee Attacks 1 | . . 1 Impact 1 | . . 1 Slashing . | . . . Piercing . | . . . Sneak Attacks . | . . . Combat Hostiles . | . . . Follow-up Attacks . | . . . Damage Inflicted 2782 | 52 1330 1400 Guns 1630 | 52 1330 248 Cannons 752 | . . 752 Explosions 400 | . . 400 Melee . | . . . Ramming . | . . . Kinetic 252 | 42 13 197 Thermal 2130 | 10 1317 803 Explosive 400 | . . 400 Electromagnetic . | . . . Impact . | . . . Slashing . | . . . Piercing . | . . . Highest Corruption . | . . . Average Corruption . | . . . Corruption Purged . | . . . Corruption Blocked . | . . . Overload Shots . | . . . Overflow Damage . | . . . Projectiles . | . . . Explosions . | . . . Melee . | . . . Knockbacks 7 | . . 7 Impact . | . . . Kinetic 6 | . . 6 Secondary 1 | . . 1 Self-Inflicted Damage . | . . . Shots . | . . . Rammed . | . . . Targets Rammed . | . . . Kicked . | . . . Crushed . | . . . Highest Temperature 545 | . 545 6 Average Temperature 151 | . 152 6 Received Heat Transfer 306 | . 198 108 Effects 20 | . 20 . Shutdowns 6 | . 6 . Energy Bleed 7 | . 7 . Interference 5 | . 5 . Damage (minor) 1 | . 1 . Damage (core) 1 | . 1 . Siege Activations . | . . . Martial Activations . | . . . Shielding Activations . | . . . Robots Disrupted . | . . . Combat Hostiles . | . . . Robots Corrupted . | . . . Combat Hostiles . | . . . Parts Fried . | . . . Impact Corruptions . | . . . Robots Melted 2 | . 1 1 Combat Hostiles 2 | . 1 1 Parts Melted 11 | . 7 4 Heat Transferred 5378 | 25 4391 962 Parts Sabotaged . | . . . Parts Stolen . | . . . Parts Stripped . | . . . Power Chain Reactions . | . . . Alert | -11 -10 -10 ------- Run | Yrd Mat Sub Maximum Alert Level . | . . . Low Security (%) 100 | 100 100 . Level 1 . | . . . Level 2 . | . . . Level 3 . | . . . Level 4 . | . . . Level 5 . | . . . High Security . | . . . Max Security . | . . . Peak Influence 122 | 5 122 . Initial . | . . . Average 35 | . 38 . Influence Increases 514 | 15 499 . Destroy 0b10 Robot/C 180 | . 180 . Destroy 0b10 Robot/NC 95 | 15 80 . Destroy Leader 50 | . 50 . Successful Hack 22 | . 22 . Disable Machine 45 | . 45 . Destroy Structure 2 | . 2 . Lose Combat Pursuer 120 | . 120 . Influence Decreases 514 | 15 398 101 Entered New Map 49 | . . 49 Time Decay 411 | 15 344 52 Purge Threat 54 | . 54 . Squads Dispatched 3 | . 3 . Investigation 1 | . 1 . Extermination . | . . . Reinforcement 2 | . 2 . Assault . | . . . Garrison . | . . . Intercept . | . . . Searches Triggered . | . . . Construction Impeded . | . . . Haulers Reinforced . | . . . Active Scanning Responses . | . . . Cargo Convoy Interrupts . | . . . Stealth | -11 -10 -10 --------- Run | Yrd Mat Sub Distress Signals 1 | . 1 . Communications Jammed . | . . . Distress Signals . | . . . Times Spotted 35 | . 24 11 Peak Tracking Total 4 | . 4 3 Tactical Retreats 7 | . 7 . Traps | -11 -10 -10 ------- Run | Yrd Mat Sub Traps Triggered 2 | . 1 1 Indirectly . | . . . Trap Hack Attempts . | . . . Triggered . | . . . Disarmed . | . . . Reprogrammed . | . . . Reused . | . . . Traps Extracted . | . . . Installed . | . . . Triggered . | . . . Machines | -11 -10 -10 ---------- Run | Yrd Mat Sub Machines Disabled 4 | . 3 1 Max in Single Turn 1 | . 1 1 Machines Repaired . | . . . Machines Dismantled . | . . . Machines Sabotaged . | . . . Overloaded Fab Kills . | . . . Hacking | -11 -10 -10 --------- Run | Yrd Mat Sub Machines Accessed 8 | . 7 1 Terminals 5 | . 5 . Fabricators . | . . . Repair Stations . | . . . Recycling Units 2 | . 2 . Scanalyzers . | . . . Garrison Access . | . . . Total Hacks 23 | . 22 1 Successful 16 | . 15 1 Failed 7 | . 7 . Catastrophic . | . . . Database Lockouts . | . . . Manual 16 | . 16 . Terminals 16 | . 16 . Fabricators . | . . . Repair Stations . | . . . Recycling Units 6 | . 6 . Scanalyzers . | . . . Garrison Access . | . . . Terminal Hacks 4 | . 3 1 Terminal Index 1 | . 1 . Unreport Threat 1 | . 1 . Locate Traps 1 | . 1 . Proto ID Catalog 1 | . . 1 Fabricator Hacks . | . . . Repair Station Hacks . | . . . Recycling Unit Hacks 2 | . 2 . Retrieve Components 2 | . 2 . Scanalyzer . | . . . Garrison Access Hacks . | . . . Unauthorized Hacks 10 | . 10 . Terminals 8 | . 8 . Track 2 | . 2 . Botnet 5 | . 5 . Operators 1 | . 1 . Fabricators . | . . . Repair Stations . | . . . Recycling Units 2 | . 2 . Reject 2 | . 2 . Scanalyzers . | . . . Garrison Access . | . . . Data Cores Recovered 1 | . 1 . Used 1 | . 1 . Hacking Detections 5 | . 5 . Full Trace Events . | . . . Feedback Events . | . . . Feedback Blocked . | . . . Robot Schematics Acquired . | . . . Robots Built . | . . . Authchips . | . . . Time . | . . . Total Robot Build Rating . | . . . Part Schematics Acquired . | . . . Parts Built . | . . . Authchips . | . . . Time . | . . . Total Part Build Rating . | . . . Parts Repaired . | . . . Time . | . . . Parts Recycled . | . . . Recycled Matter . | . . . Retrieved Matter . | . . . Retrieved Components 12 | . 12 . Parts Scanalyzed . | . . . Part Schematics Acquired . | . . . Parts Damaged . | . . . Bothacking | -11 -10 -10 ------------ Run | Yrd Mat Sub Used RIF Installer . | . . . Robots Hacked . | . . . Non-combat . | . . . Combat . | . . . Robot Hacks Applied . | . . . Relay Couplers Released . | . . . Fabnet Peak Effective % . | . . . Robots Rewired . | . . . Allies Hacked . | . . . Hacks Repelled . | . . . Allies | -11 -10 -10 -------- Run | Yrd Mat Sub Total Allies . | . . . Largest Group . | . . . Highest-Rated Group . | . . . Highest-Rated Ally . | . . . Total Orders . | . . . Ally Attacks . | . . . Total Damage . | . . . Kills . | . . . Allies Corrupted . | . . . Allies Melted . | . . . Intel | -11 -10 -10 ------- Run | Yrd Mat Sub Active Infowar (turns) 875 | 53 822 . Seismic 875 | 53 822 . Robot Analysis Total . | . . . Derelict Logs Recovered 2 | . . 2 Drone Launches . | . . . Drone Recoveries . | . . . Exploration | -11 -10 -10 ------------- Run | Yrd Mat Sub Turns Passed 6165 | 136 1479 4550 Spaces Moved 2221 | 71 718 1432 Core 3 | 3 . . Treads 2218 | 68 718 1432 Legs . | . . . Wheels . | . . . Hover . | . . . Flight . | . . . Fastest Speed 50 | 50 160 160 Average Speed 180 | 155 160 192 Slowest Speed 246 | 160 160 246 Overloaded Moves . | . . . Propulsion Burnouts . | . . . Robots Hopped . | . . . Potential Cave-ins . | . . . Cave-ins Triggered . | . . . Exploration Rate (%) 58 | 6 98 72 Regions Visited 2 Branch Regions 1 Pre-discovered Areas 3 | . . 3 Known Exits Taken . | . . . Unknown Exits Taken 2 | 1 1 . Scrap Searched 5 | . . 5 Spaces Dug 4 | . . 4 Terrain Destroyed 44 | . . 44 Melee . | . . . Projectile 10 | . . 10 AOE 34 | . . 34 Terrain Rammed . | . . . Walls Destroyed . | . . . Machines Disabled . | . . . Actions | -11 -10 -10 --------- Run | Yrd Mat Sub Total 4139 | 86 902 3151 Wait 1681 | . 71 1610 Move 2219 | 70 717 1432 Hop . | . . . Pick Up 42 | 5 18 19 Fast Attach 13 | 6 1 6 Attach 13 | 1 5 7 Detach 1 | . . 1 Swap 9 | . 4 5 Drop 22 | . 11 11 Fire 135 | 4 75 56 Melee 1 | . . 1 Ram . | . . . Kick . | . . . Crush . | . . . Escape Stasis . | . . . Rewire . | . . . Trap . | . . . Miscellaneous 3 | . . 3 Route ------- -11/Scrapyard -10/Materials (discovered 5 exits: [*Mat x3] / [*Min] / *Sub) -10/Subcaves (discovered 1 exit: [*Mat]) History --------- Turn | Location | Event 60 | -11/Scrapyard | Discovered new exit (range 14) 137 | -11/Scrapyard | Entered Materials 301 | -10/Materials | Build established: Mutant 527 | -10/Materials | Discovered new exit (range 8) 739 | -10/Materials | Discovered new exit (range 11) 1041 | -10/Materials | Discovered new exit (range 10) 1192 | -10/Materials | Discovered new exit (range 9) 1609 | -10/Materials | Discovered new exit (range 5) 1616 | -10/Materials | Entered Subcaves 1632 | -10/Subcaves | Discovered new exit (range 6) 1692 | -10/Subcaves | Disturbed a concealed Subdweller 1840 | -10/Subcaves | Shifting Twisted Machinery released Sub. Power Source 2388 | -10/Subcaves | Visited 4L-MR0's lab 2688 | -10/Subcaves | Core integrity fell below 50% 2699 | -10/Subcaves | Core integrity fell below 20% 2733 | -10/Subcaves | Lost 3 parts (1p1n1u) 2849 | -10/Subcaves | Learned location of Zion (-6) 2849 | -10/Subcaves | Met a Zionite searching for "candidates" 2913 | -10/Subcaves | A Subdweller sparked back to life 2983 | -10/Subcaves | Found Powered Cannon 3013 | -10/Subcaves | Attached Powered Cannon, gained temporary slot: Power 3154 | -10/Subcaves | Found Meta Core 3156 | -10/Subcaves | Attached Meta Core, gained temporary slots: Propulsion, Utility, Weapon 3498 | -10/Subcaves | Shifting Twisted Machinery released Sub. Power Source 3535 | -10/Subcaves | Build established: Subdweller-Tank 3748 | -10/Subcaves | Shifting Twisted Machinery released Barrage Gun 5577 | -10/Subcaves | A swath of the cavern ceiling suddenly collapsed 5792 | -10/Subcaves | Ambushed by Subdweller buried in earth 5942 | -10/Subcaves | A swath of the cavern ceiling suddenly collapsed 6166 | -10/Subcaves | Destroyed by DX-Q8A(R) with Subdweller Laser Last Messages --------------- Barrage Gun falls loose from the Twisted Machinery. 03905_ Acquired 7 matter. 04172_ Triggered Piercing Trap. 04172_ Spikes shoot up from the floor. 04172_ Critical hit (Impale). 04174_ Subatomizers dissect the Ion Engine. 04211_ Subatomizers dissect the Ion Engine, destroying it. 04677_ Acquired 14 matter. 04701_ Acquired Spk. Treads. 04722_ Acquired 10 matter. A swath of the cavern ceiling suddenly collapses. 05577_ Acquired derelict log, extracted data. World map confirmed: -6/Zion. 05793_ DV-YIN(R): "ARGHSUB!" 05795_ DV-YIN(R) suffers critical hit (Meltdown). 05795_ Sub. Power Source melted. 05795_ Sub. Optics melted. 05795_ Sub. Laser melted. A swath of the cavern ceiling suddenly collapses. 06160_ QH-3XQ(R) destroyed. Map ----- +----------------------------------------------------+ | ?????????????????????? ##### ##?????????? | | ????????????????????????????## ### #?????????? | | ?????????????????????????????#???# #?????????? | | ?????????????????????????????????# ###???????? | | ?????????????????????????????????## #???????? | | ??????????????????????????????????# ##??????? | | ??????????????????????????????????# #####??? | | ??????????????????????????????????# #??? | | ??????????????????????????????????# ## #??? | | ??????????????????????????????????## # # ##??? | | ??????????????????????????# ?????## # ####???? | | ?????????????????????????# ??????# # ##??????? | | ????????????????????????? ??????# # #??????? | | ????????????????????????? ??????## #??????? | | ????????????????????????? ??????# ###??????? | | ????????????????????????? #??# ### ####??????? | | ?????????????????#???#### ### #??????? | | ?????????????????# ??# # #??????? | | ?????????????????# ?# ## ##### #??????? | | ?????????????????# ## ???###????## #??????? | | ?????????????#???# #?????????# #??????? | | ????????????# ??## #????#?# ##??????? | | ???????????? ### # # # ######??? | | ???????????? # ## # ##?? | | ???????????? #?# R#### ## # #?? | | ???????????? ?##### *@!##??????#### #"# #?? | | ???????????? #?????####[&= ##??????# #### ### | | ???????????# ????????# #???? ## ??## # | | ??????????## ??????#### ### "??## | | ??????????# ?????## ???# | | ?????????## ??#### ### ???# | | ????????## #### #####??###??#" | | ???????## ## ## ##???????????#"## | | ??????## ########?######????????????###? | | ????### #????????????????????????????## | | ????# ## ##????????????????????????????#" | | ???# ### ######?????????????????????????????# | | ??# ????## #??????????????????????????????????# | | ????????# #??????????????????????????????????## | | ????????# #??????????????????????????????????# | | ????????# #??????????????????????????????????## | | ????????# ##?????????????????????????????????# | | ??????### ##????????????????????????????????## | | ####### #????????????????????????????????# | | # #????????????????????????????????# | | ## ##????????????????????????????????## | | ?# ## ##????????????????????????????????# | | ?# ??## ##???????????????????????????????## | | ?####### ##???????????????????????????????# | | #??# ##??????????????????????###?????# | +----------------------------------------------------+ Best States ------------- Heat Dissipation 35 Energy Generation 17 Energy Capacity 280 Matter Stores 300 Matter Capacity 300 Sight Range 16 Terrain Scan Density 10 Armor Coverage 800 Evasion (%) 40 Recoil Reduction 3 Item Schematics ----------------- None Robot Schematics ------------------ None Fabricated ------------ Nothing Repaired ---------- Nothing Alien Tech Used ----------------- None Achievements -------------- None Challenges ------------ None Game ------ Seed NetworkFlakScrapsphere Manual? 0 Play Time 00:25:13 Cumulative 139.4 hours Start 2025.06.28 @ 21:01:29 End 2025.06.28 @ 21:23:27 Sessions 1 Manual Loads 0 Difficulty Rogue Special Mode None Game No. 139 Rogue 139 Adventurer 0 Explorer 0 Win Type - Total 8 Types 5/0/1/2/0/0/0/0/0/0 Lore% 62 Gallery% 59 Achievement% 57 Wizard Run 0 Options --------- Layout 1 ASCII 0 Keyboard 0 Movement Numpad Keybinds 0 Fullscreen 1 Font 32/SmallcapsGlow Map View 77x35 Zoom Use 0% Tactical HUD 1 Map Filters NONE Filters NONE Steam 1 RUN: 00294fa0-dd95-476e-a87d-22c4955aab9d